 Dungeon Crawl Stone Soup version 0.22.0 (webtiles) character file.

798 MTVSty1e the Cleaver (level 7, -14/57 HPs)
             Began as a Minotaur Monk on Aug 10, 2018.
             Was a Believer of Okawaru.
             Killed by divine providence
             ... invoked by an orc priest
              (15 damage)
             ... on level 5 of the Dungeon.
             The game lasted 00:05:45 (4441 turns).

MTVSty1e the Cleaver (Minotaur Monk)                Turns: 4441, Time: 00:05:46

Health: -14/57     AC: 13    Str: 18    XL:     7   Next: 58%
Magic:  6/6        EV:  7    Int:  7    God:    Okawaru [**....]
Gold:   154        SH:  7    Dex: 12    Spells: 6/6 levels left

rFire    x . .     SeeInvis .   s - +3 war axe
rCold    + + .     Gourm    .   u - +0 shield
rNeg     . . .     Faith    .   f - +0 ice dragon scales
rPois    .         Spirit   .   (helmet restricted)
rElec    .         Reflect  .   o - +2 cloak {MR+}
rCorr    .         Harm     .   q - +0 pair of gloves
MR       +....                  (no boots)
Stlth    ..........             (no amulet)
HPRegen  0.19/turn              (no ring)
MPRegen  0.10/turn              (no ring)

@: hasted, very quick
A: retaliatory headbutt, horns 2
a: Heroism, Renounce Religion


You were on level 5 of the Dungeon.
You worshipped Okawaru.
Okawaru was pleased with you.
You were hungry.

You visited 2 branches of the dungeon, and saw 6 of its levels.

You collected 154 gold pieces.

Inventory:

Hand Weapons
 a - a +0 hand axe
 s - a +3 war axe (weapon)
Armour
 e - a +0 ring mail
 f - +0 ice dragon scales (worn)
 o - a +2 cloak of magic resistance (worn)
 q - a +0 pair of gloves (worn)
 u - a +0 shield (worn)
Wands
 x - a wand of iceblast (9)
Scrolls
 b - a scroll of noise {unknown}
 h - 2 scrolls of remove curse {unknown}
 i - a scroll of amnesia {unknown}
 l - 2 scrolls of random uselessness
 n - a scroll of blinking {unknown}
 p - a scroll of enchant weapon {unknown}
 t - a scroll of fog {unknown}
 v - a scroll of teleportation {unknown}
 w - a scroll of magic mapping {unknown}
 y - a scroll of immolation {unknown}
 z - a scroll of identify {unknown}
Potions
 d - a potion of berserk rage {unknown}
 g - a potion of agility {unknown}
 j - 3 potions of curing
 k - a potion of mutation {unknown}
 m - a potion of flight {unknown}
Comestibles
 c - 5 rations


   Skills:
 - Level 3.6 Fighting
 + Level 10.7 Axes
 - Level 3.2 Dodging
 - Level 1.5 Stealth


You had 6 spell levels left.
You didn't know any spells.
Your spell library was empty.

Dungeon Overview and Level Annotations

Branches:
Dungeon (5/15)             Temple (1/1) D:4

Altars:
Ashenzari
Cheibriados
Elyvilon
Gozag
Makhleb
Okawaru
Qazlal
Sif Muna
Xom


Innate Abilities, Weirdness & Mutations

You reflexively headbutt those who attack you in melee.
You have a pair of horns on your head.


Message History

The orc priest closely misses you. You furiously retaliate!
You headbutt the orc priest, but do no damage.
It was a potion of curing.
You feel better. You block the orc priest's attack.
You block the orc wizard's attack.
The jackal bites you but does no damage.
You hit the orc priest but do no damage.
Your headbutt misses the orc priest.
The orc priest is almost dead.
You closely miss the orc priest. You slash the jackal!
You kill the jackal!
Okawaru accepts your kill.
You slash the orc wizard!
You kill the orc wizard!
Okawaru accepts your kill.
The orc priest invokes the aid of Beogh against you.
Pain shoots through your body!
* * * LOW HITPOINT WARNING * * *
The orc priest mumbles some strange prayers to Beogh against you.
Beogh smites you!
You die...

...............
...............
..........[....
...............
................
................
...(..)w†.......
....).o@........
......o.........
................
................
......?.<.......
................
................
...........$....
................


You could see a worm and 2 orc priests.

Vanquished Creatures
  A phantom (D:4)
  A gnoll shaman (D:4)
  5 orc wizards
  Crazy Yiuf (D:2)
  2 hounds
  Jessica (D:2)
  A worker ant (D:4)
  Natasha (twice) (D:2)
  A hound skeleton (D:4)
  14 gnolls
  8 adders
  4 worms
  5 dart slugs
  2 leopard geckos (D:1)
  14 orcs
  2 ball pythons
  4 giant cockroaches
  3 goblins
  8 hobgoblins
  15 jackals
  A quokka (D:3)
  8 bats
  6 frilled lizards
  7 kobolds
  A quokka skeleton (D:4)
  8 rats
125 creatures vanquished.

Notes
Turn   | Place    | Note
-------+----------+-------------------------------------------
     0 | D:1      | MTVSty1e the Minotaur Monk began the quest for the Orb.
     0 | D:1      | Reached XP level 1. HP: 19/19 MP: 0/0
   292 | D:1      | Reached skill level 4 in Axes
   427 | D:1      | Reached XP level 2. HP: 26/26 MP: 1/1
   698 | D:1      | Reached skill level 5 in Axes
  1028 | D:2      | Reached XP level 3. HP: 31/31 MP: 2/2
  1498 | D:2      | Reached skill level 6 in Axes
  1498 | D:2      | Reached XP level 4. HP: 33/39 MP: 3/3
  1684 | D:2      | Noticed Jessica
  1689 | D:2      | Killed Jessica
  1689 | D:2      | Reached skill level 7 in Axes
  1689 | D:2      | Reached XP level 5. HP: 45/45 MP: 4/4
  1750 | D:2      | Noticed Natasha
  1758 | D:2      | Killed Natasha
  1868 | D:2      | Noticed Natasha
  1874 | D:2      | Killed Natasha
  2060 | D:2      | Found a runed door.
  2065 | D:2      | Noticed Crazy Yiuf
  2069 | D:2      | Killed Crazy Yiuf
  2388 | D:3      | Reached skill level 8 in Axes
  2919 | D:3      | Found a shimmering altar of Xom.
  3066 | D:3      | Reached XP level 6. HP: 51/51 MP: 5/5
  3423 | D:4      | Reached skill level 9 in Axes
  3810 | D:4      | Reached XP level 7. HP: 51/57 MP: 6/6
  3899 | D:4      | Found a staircase to the Ecumenical Temple.
  3915 | D:4      | Reached skill level 10 in Axes
  3951 | Temple   | Entered the Ecumenical Temple
  3957 | Temple   | Became a worshipper of Warmaster Okawaru
  3957 | Temple   | Reached * piety under Okawaru
  3957 | Temple   | Reached ** piety under Okawaru
  4429 | D:5      | Entered Level 5 of the Dungeon
  4441 | D:5      | HP: 1/57 [orc priest/nerve-wracking pain (13)]
  4441 | D:5      | Killed from afar by an orc priest

Skill      XL: |  1  2  3  4  5  6  7 |
---------------+----------------------+-----
Axes           | 4 5 6 7 8 9 10 | 10.7
Fighting       | |  3.6
Dodging        | |  3.2
Stealth        | |  1.5

Action                   |  1- 3 |  4- 6 |  7- 9 || total
-------------------------+-------+-------+-------++-------
Melee: Hand axe          |    82 |    68 |       ||   150
       Headbutt          |    18 |    26 |    11 ||    55
       War axe           |       |    90 |    51 ||   141
  Use: Scroll            |       |     1 |       ||     1
       Potion            |       |       |     2 ||     2
  Eat: Chunk             |     1 |     3 |       ||     4
       Ration            |       |     2 |       ||     2
Armor: Ice dragon scales |    41 |    77 |    27 ||   145
       Ring mail         |     2 |       |       ||     2
Dodge: Dodged            |    51 |    49 |    20 ||   120
Block: Shield            |       |    22 |    22 ||    44
